 Dungeon Crawl Stone Soup version 0.28-a0-43-g560ac104fe (webtiles) character file.

Game seed: 12850214500411540027

5 Spectrina the Sneak (level 1, -1/13 HPs)
             Began as a Deep Elf Delver on July 28, 2021.
             Slain by an orc (6 damage)
             ... on level 4 of the Dungeon.
             The game lasted 00:01:57 (210 turns).

Spectrina the Sneak (Deep Elf Delver)                Turns: 210, Time: 00:01:57

Health: -1/13      AC:  3    Str:  9    XL:     1   Next: 66%
Magic:  3/3        EV: 12    Int: 14    God:
Gold:   0          SH:  0    Dex: 16    Spells: 0/0 levels left

rFire   . . .      SeeInvis .   a - +0 short sword
rCold   . . .      Faith    .   (no shield)
rNeg    . . .      Spirit   .   b - +0 leather armour
rPois   .          Reflect  .   (no helmet)
rElec   .          Harm     .   (no cloak)
rCorr   .          Rampage  .   (no gloves)
Will    .....                   (no boots)
Stlth   +++.......              (no amulet)
HPRegen 0.04/turn               (no ring)
MPRegen 0.08/turn               (no ring)

@: no status effects
A: no striking features
a: no special abilities


You were on level 4 of the Dungeon.
You visited 1 branch of the dungeon, and saw 2 of its levels.

Inventory:

Hand Weapons
 a - a +0 short sword (weapon)
Missiles
 j - 7 stones (quivered)
Armour
 b - a +0 leather armour (worn)
Wands
 g - a wand of digging (3)
 i - a wand of iceblast (11)
Scrolls
 c - 2 scrolls of fog
 d - a scroll of magic mapping
 e - a scroll of fear
 k - a scroll of immolation {unknown}
Potions
 f - a potion of haste
 h - 2 potions of mutation {unknown}
 l - a potion of berserk rage {unknown}


   Skills:
 - Level 2.4 Fighting
 - Level 2.0 Short Blades
 - Level 2.4 Dodging
 - Level 6.4 Stealth
 + Level 0.0 Fire Magic


You couldn't memorise any spells.
You didn't know any spells.
Your spell library contained the following spells:

 Spells                   Type           Power      Damage    Failure   Level
 Foxfire                  Conj/Fire      0%         2x1d4     38%         1
 Conjure Flame            Conj/Fire      0%         6-21      77%         3
 Inner Flame              Hex/Fire       0%         N/A       77%         3


Dungeon Overview and Level Annotations

Branches:
Dungeon (5/15)
 Temple: D:4-7

Altars:


Message History

Unknown command.
k - a scroll labelled ZOELOR OFELU Unknown command.
Found a scale mail.
Found a stone staircase leading down.
Found a club and a book of Flames.
You see here a +0 club.
Found a puce potion.
You see here a book of Flames.
You pick up a book of Flames and begin reading...
You add the spells Foxfire, Conjure Flame and Inner Flame to your library.
l - a puce potion The orc hits you with a +0 mace.
There are no items here.
You closely miss the orc. The orc misses you.
You hit the orc.
The orc is lightly wounded.
The orc hits you with a +0 mace.
You see here a +0 club.
Found a spear.
You see here a +0 spear.
Found 14 gold pieces.
You see here 14 gold pieces.
Found a scroll of fog.
Unknown command.
An adder comes into view.
You see here a scroll of fog.
c - 2 scrolls of fog (gained 1)
The adder hisses angrily.
The orc hits you with a +0 mace.
Found 2 fizzy green potions.
Found a stone staircase leading up.
Aiming: Iceblast
Press: ? - help, Shift-Dir - straight line, f - adder
Aim: an adder The mass of ice explodes!
The iceblast engulfs the adder!
You kill the adder!
The iceblast engulfs the orc.
The orc is heavily wounded.
The orc hits you with a +0 mace.
You die...

#.# #.# # ### #.. .# #
#.. #.#### ..#!# #.#.#
#....#...<..
#.#.#######..#........
#......$...†...##....#
###.#######.o.## ...#
#.# #@..# .#
########.# #........
#.....)..# #.#.###..
#.###.######## #.#.#
#.##.......... ....#
........########.#..
.........## #.###
..........# #.#
.........##


You could see an orc.

Vanquished Creatures
  An adder (D:4)
  8 frilled lizards (D:5)
9 creatures vanquished.

Vanquished Creatures (others)
  6 plants (D:5)
6 creatures vanquished.

Grand Total: 15 creatures vanquished

Notes
Turn   | Place    | Note
-------+----------+-------------------------------------------
     0 | D:5      | Spectrina the Deep Elf Delver began the quest for the Orb.
     0 | D:5      | Reached XP level 1. HP: 13/13 MP: 3/3
    24 | D:5      | Noticed an iguana
   210 | D:4      | Slain by an orc

Illustrated notes

Levels and vault maps discovered:
D:4:      layout_loops_ring
D:5:      layout_layer_cave, minmay_misc_feat_columns, minmay_crystal_water,
          minmay_lizard_king, uniq_pikel

Action                   || total
-------------------------++-------
Melee: Short sword       ||    17
Evoke: Wand              ||     1
Armor: Leather armour    ||     3
Dodge: Dodged            ||    11

Table legend: (Time is in decaauts)
 A = Elapsed time spent in this place.
 B = Non-inter-level travel time spent in this place.
 C = Inter-level travel time spent in this place.
 D = Time resting spent in this place.
 E = Time spent auto-exploring this place.
 F = Levels seen in this place.
 G = Mean time per level.
                   A        B        C        D        E       F      G
               +--------+--------+--------+--------+--------+-----+--------+
         Total |    209 |    209 |      0 |      0 |      0 |   2 |  104.5 |
       Dungeon |    209 |    209 |      0 |      0 |      0 |   2 |  104.5 |
               +--------+--------+--------+--------+--------+-----+--------+

Top non-repeatable levels by time:
     D:5: 109 daAuts
     D:4: 100 daAuts
